[Event "Saint Louis Super Swiss 2023"]
[Site "Saint Louis"]
[Date "2023.03.16"]
[Round "9.8"]
[White "Akobian, Varuzhan"]
[Black "Kavutskiy, Konstantin"]
[Result "1/2-1/2"]
[ECO "E95"]
[WhiteElo "2591"]
[BlackElo "2405"]
[Annotator "TA"]
[PlyCount "137"]
[EventDate "2023.03.12"]
[EventType "swiss"]
[EventCountry "USA"]
[SourceTitle "playchess.com"]
[Source "ChessBase"]
[SourceQuality "1"]
[TimeControl "5400+30"]

1. d4 Nf6 2. c4 g6 3. Nc3 Bg7 4. e4 d6 5. Nf3 O-O 6. Be2 e5 7. O-O h6 8. Re1 Nbd7 9. Qc2 {[%emt 0:07:16] E95: King's Indian: Classical: 7...Nbd7 8 Re1.} Re8 {[%emt 0:02:14] is the new trend.} 10. dxe5 dxe5 {[%emt 0:00:27] [#]} 11. Rd1 $146 {[%emt 0:01:55] White is slightly better.} ({Predecessor:} 11. Be3 c6 12. Na4 Qc7 13. c5 b5 14. cxb6 axb6 15. h3 Qb8 16. Red1 b5 17. Nc5 Nxc5 18. Bxc5 {1-0 Praggnanandhaa,R (2648)-Sindarov,J (2629) Olympiad-44 Chennai 2022 (10.3)}) 11... c6 12. Rb1 Nh5 13. b4 Nf4 14. Bf1 Ne6 15. Be3 b6 16. Na4 (16. Qd2 $5 ) 16... Qc7 17. c5 bxc5 18. Nxc5 Ndxc5 19. bxc5 Rb8 20. Rb3 Rxb3 21. axb3 Rd8 22. Ra1 Nd4 23. Bxd4 exd4 24. Bd3 Be6 25. b4 Rb8 26. Qa4 (26. Qd2 $1 $14) 26... g5 27. g3 Bf6 28. Nd2 ({Of course not} 28. Qxa7 Qxa7 29. Rxa7 Rxb4 $15) 28... Qb7 (28... Kg7 $11) 29. Rb1 (29. Qc2 $16) 29... Kg7 $14 30. Nc4 Bxc4 31. Bxc4 a5 $1 {[%emt 0:00:53] Black is weak on the light squares} 32. b5 {[%emt 0:01:47][%cal Ob5b6] next b6! is good for White.} Qe7 33. Qxa5 (33. Bd3 {simplifies} Qxc5 34. Qxa5 cxb5 35. Rxb5 Rxb5 36. Qxb5 Qxb5 37. Bxb5 Bd8 38. Kg2) 33... cxb5 34. Rxb5 Rxb5 35. Qxb5 Qxe4 $11 {[%emt 0:00:17][%mdl 4096] Endgame KQB-KQB} 36. c6 {[%emt 0:02:35] And now c7 would win.} Qe1+ 37. Kg2 Qe4+ 38. Kg1 Qe1+ 39. Bf1 {[%emt 0:00:09] c7 is the strong threat.} Qe7 40. Qd5 Kf8 41. Bc4 Be5 42. Kg2 Kg7 43. Kf3 Kf8 44. Kg4 Qf6 45. Qe4 (45. Bd3 {is more complex.} Kg7 46. Qe4 Bc7 47. Kh5) 45... Kg7 46. Kh3 {[%emt 0:07:16] Active counter play!} (46. Bd3 {looks sharper.} Bc7 47. Kh5 Kf8 48. Qf5) 46... Bc7 47. Kg2 Be5 48. Qd5 {[%emt 0:00:26] Black must now prevent Qd7.} (48. Bd3 {feels hotter.} Qe6 49. Bc2 Qf6 50. Qd5) 48... Bd6 49. Kf1 Kf8 50. f3 Kg7 51. Kg2 (51. Ke2 {seems wilder.} h5 52. Kd3 Kf8 53. Ba2) 51... Kf8 52. Kh3 h5 53. Qe4 Kg7 54. Qd5 Qe6+ {[%emt 0:02:31][%mdl 64] [#] Deflection} 55. Qxe6 fxe6 56. Bxe6 {[%emt 0:00:05] KB-KB} d3 57. Kg2 d2 58. Bb3 Kf6 59. Kf2 h4 60. gxh4 gxh4 61. h3 Bf4 62. Ke2 Ke7 63. Kd3 Kd6 64. Ke4 Bg3 65. Ba4 $1 d1=Q {[%emt 0:00:33][%mdl 64] [#] Deflection} 66. Bxd1 {[%emt 0:00:04] aiming for Ba4.} Kxc6 67. f4 Kd6 68. Kf5 Ke7 69. Kg5 {[%emt 0:00:11] Weighted Error Value: White=0.12 (very precise) /Black=0.10 (very precise)} 1/2-1/2

[Event "Saint Louis Super Swiss 2023"]
[Site "Saint Louis"]
[Date "2023.03.16"]
[Round "9.9"]
[White "Corrales Jimenez, Fidel"]
[Black "Dudin, Gleb"]
[Result "0-1"]
[ECO "B33"]
[WhiteElo "2489"]
[BlackElo "2469"]
[Annotator "TA"]
[PlyCount "88"]
[EventDate "2023.03.12"]
[EventType "swiss"]
[EventCountry "USA"]
[SourceTitle "playchess.com"]
[Source "ChessBase"]
[SourceQuality "1"]
[TimeControl "5400+30"]

1. e4 c5 2. Nf3 Nc6 3. d4 cxd4 4. Nxd4 Nf6 5. Nc3 e5 6. Ndb5 d6 7. Bg5 a6 8. Na3 b5 9. Bxf6 gxf6 10. Nd5 f5 11. Bd3 Be6 12. O-O Bxd5 13. exd5 Ne7 $1 14. Re1 {[%emt 0:00:05] The modern move. B33: Sicilian: Pelikan and Sveshnikov Variations.} Bg7 15. c3 O-O 16. Qh5 {[%emt 0:00:33] White has an edge.} e4 17. Bf1 Rc8 18. Nc2 $1 Re8 19. a4 {[%emt 0:15:48] [#]} bxa4 $146 ({Predecessor:} 19... Nxd5 20. axb5 axb5 21. Qxf5 Re5 22. Qh3 h5 23. Ra7 Rc7 24. Rxc7 Qxc7 25. Nd4 b4 {0-1 Goloshchapov,A (2533)-Moiseenko,A (2657) Cappelle op 22nd 2006 (5)}) 20. Rxa4 Rb8 21. Ra2 Nxd5 22. Qxf5 Re5 23. Qh3 Qb6 {[%emt 0:05:21] [#]} 24. Nd4 {[%emt 0:03:14] Inhibits Qb3.} (24. Rxa6 $6 Qxb2 25. Ne3 (25. Nd4 e3 $11 {[%mdl 64] Decoy}) 25... Qxc3 $11) (24. Bxa6 $2 Qb3 25. Nb4 Nxb4 $19) ({White should try} 24. b4 $1 $16) 24... a5 25. Nf5 {[%emt 0:03:12] Strongly threatening Qg4.} Ne7 26. Ne3 {[%emt 0:03:45] Black must now prevent Nc4.} d5 {[%emt 0:04:36] Prevents Nc4.} 27. Rd1 f5 28. b4 axb4 29. Ra6 Qc5 30. cxb4 Qxb4 (30... Qc7 31. b5 $16) 31. Qg3 (31. Ra7 d4 32. Nc4 Re6 $17) (31. Nc2 $5 Qb2 32. Nd4 $15) 31... Rf8 {[%emt 0:01:40] Hoping for ...f4.} (31... Kh8 $5) 32. Nc2 ({Wrong is} 32. Ra7 $2 f4 33. Qh3 (33. Qg4 $2 fxe3 34. fxe3 Qc5 $19) 33... fxe3 $19) 32... Qb2 33. Rd2 {[%emt 0:05:04] [#] Loses the game.} ({Better is} 33. Nd4 $15 f4 34. Qa3 Qxa3 35. Rxa3) 33... d4 $1 $36 {[%emt 0:02:09][%cal Bd5d4,Bd4d3][%mdl 2080] ...d3 would be deadly. Black is really pushing.} 34. Qf4 $2 ({Avoid the trap} 34. Ra7 $2 d3 $19) (34. Qa3 {is tougher.} Qxa3 {[%mdl 64] Remove Defender} 35. Rxa3) 34... d3 35. Na3 Qc1 36. g3 Ng6 37. Qe3 f4 38. gxf4 Nxf4 {[%emt 0:00:09] ( -> ...Rg5+)} 39. h4 {[%emt 0:00:01] Prevents Rg5+} Nd5 40. Rxd3 Nxe3 {[%emt 0:00:18] Black mates.} 41. Rxe3 Ref5 42. Re2 Bd4 43. Rc2 Bxf2+ 44. Kg2 {[%emt 0:00:14] [#]} Rg5+ $3 {[%emt 0:00:13] Weighted Error Value: White=0.86/Black=0.20 (precise)} 0-1

[Event "Saint Louis Super Swiss 2023"]
[Site "Saint Louis"]
[Date "2023.03.17"]
[Round "9.10"]
[White "Ladan, Nicholas"]
[Black "Stearman, Josiah"]
[Result "1/2-1/2"]
[ECO "A45"]
[WhiteElo "2273"]
[BlackElo "2391"]
[Annotator "TA"]
[PlyCount "140"]
[EventDate "2023.03.12"]
[EventType "swiss"]
[EventCountry "USA"]
[TimeControl "5400+30"]

1. d4 Nf6 2. Bf4 g6 3. Nc3 d5 4. e3 Bg7 5. h4 h5 6. Nb5 {[%emt 0:01:34] A45: Trompowsky Attack.} Na6 7. Nf3 Ne4 8. Ne5 c6 9. f3 {[%emt 0:02:47] [#]} Qa5+ $146 (9... Nd6 {simplifies} 10. Nc3 Nc7 11. Bd3 Ne6) ({Predecessor:} 9... Nd6 10. Nc3 Nc7 11. Bd3 Ne6 12. Bh2 Bf6 13. Bg3 Nf5 14. Bxf5 gxf5 15. Qd2 Rg8 {1-0 Olcum,A (2223)-Maksimovic,B (2210) Balikesir Sebboy Gp 2022 (2.4)}) 10. c3 Nd6 (10... Nf6 $5 11. a4 O-O $11) 11. Nxd6+ exd6 12. Nd3 Qd8 13. Qb3 Bf6 14. O-O-O Bxh4 {[%emt 0:01:14] [#]} 15. Rxh4 $1 Qxh4 16. Bxd6 Qd8 17. Ba3 Qb6 $1 18. Qc2 Bf5 19. e4 $1 dxe4 20. Re1 O-O-O $1 21. fxe4 Be6 22. Be7 Bxa2 23. Bxd8 Rxd8 24. Ne5 (24. Qa4 $11 {is more appropriate.} Be6 25. Ne5) 24... Bb3 $1 $15 25. Qf2 Qa5 {[%emt 0:05:24] And now ...Qa1+ would win.} 26. Bd3 $1 (26. Bxa6 $2 Qa1+ 27. Kd2 Qxb2+ 28. Ke3 Qxc3+ 29. Kf4 bxa6 $19) 26... Qa1+ (26... c5 $1 $15 27. d5 Qa1+ 28. Bb1 Ba2) 27. Bb1 $11 Ba2 28. Kc2 {[%emt 0:01:40] Strongly threatening Bxa2. Active counter play!} Bxb1+ (28... Nc5 {is interesting.} 29. Bxa2 Qxa2 30. Qxf7 Qa4+) 29. Rxb1 Qa4+ 30. b3 Qa2+ 31. Rb2 Qa1 32. Nxf7 (32. Qxf7 Qe1 $11) 32... Rd7 33. Ne5 (33. e5 {looks sharper.} Nc5 34. Qf3 Nd3 35. Nd6+) 33... Rd8 34. Nxg6 Nc7 35. Ne5 Nb5 36. Nc4 $1 Rg8 37. Ne3 (37. e5 $14) 37... h4 38. e5 (38. Qxh4 $2 Na3+ 39. Kd3 Qxb2 $19) 38... Rg3 {[%emt 0:00:59][%cal Og3e3] ...Rxe3! is the strong threat.} 39. Kd3 ({Not} 39. Qf8+ $2 Kc7 40. Qf7+ (40. Qe7+ $2 Kb6 $19) 40... Kb6 $19) 39... Qd1+ 40. Qd2 $2 (40. Kc4 $11 {and White has nothing to worry.} Qc1 41. Qf8+ Kc7 42. Qe7+ Kc8 43. Qf8+ Kc7 44. Qe7+ Kc8 45. Qf8+) 40... Qf1+ $1 $19 41. Qe2 Qf4 (41... Qf5+ $1 $19 42. Kd2 Qf4) 42. Qf2 $36 {[%emt 0:00:48][%mdl 2048] White has the initiative. The board is on fire.} Qg5 (42... Qxf2 $1 $11 {and Black stays safe.} 43. Rxf2 Nxc3 {[%mdl 64] Decoy} 44. Kxc3 Rxe3+ 45. Kc4 a5) 43. Re2 $1 $18 Qg6+ {[%emt 0:03:06] [#]} 44. Kd2 $1 {[%emt 0:00:06] Black must now prevent Qf8+.} Kc7 $2 (44... Qe6) 45. Qf5 (45. d5 $142) 45... Qh6 46. e6 {[%emt 0:00:56] aiming for e7.} Nd6 47. Qe5 {[%emt 0:00:24] Hoping for Rf2.} Rg5 48. Qf4 Rg6 49. Qxh6 Rxh6 $16 {[%emt 0:00:01][%mdl 4096] Endgame KRN-KRN} 50. e7 Ne8 51. Nf5 Rh5 52. Re5 Kd7 53. Kd3 ({White should play} 53. b4 $16) 53... h3 $14 54. gxh3 Rxh3+ 55. Kc4 Rf3 {[%emt 0:00:27][%cal Of3f5] ...Rxf5! would be deadly.} 56. Kb4 b6 {[%emt 0:03:55] [#]} 57. c4 $1 a5+ 58. Ka4 (58. Ka3 $16) 58... Rf1 (58... Rf2 $1 $14 59. b4 axb4) 59. Ka3 $16 Rd1 60. d5 cxd5 61. cxd5 Rd2 62. Ka4 Nc7 63. b4 axb4 64. d6 (64. Ng7 {simplifies} Kd6 65. e8=R Nxe8 66. Rxe8 Rxd5 67. Rh8) 64... Ne8 {[%emt 0:00:30] The position is equal.} 65. Kxb4 Rb2+ 66. Kc4 Rc2+ 67. Kb5 Rc5+ 68. Rxc5 (68. Kxb6 $2 {loses.} Rxe5 69. Nd4 Nxd6 70. e8=Q+ Nxe8 71. Nb3 Rh5 72. Nc5+ Kd6 73. Ne4+ Kd5 74. Nf2 Kd4 75. Kb7 Rh2 76. Ng4 Rg2 77. Nh6 Rg7+ 78. Kc6 Rg6+ 79. Kd7 Rxh6 80. Kxe8 Rh7 81. Kf8 Ke5 82. Ke8 Ke6 83. Kd8 Re7 84. Kc8 Kd6 85. Kd8 Re5 86. Kc8 Rb5 87. Kd8 Rb8#) 68... bxc5 69. Kxc5 Nxd6 {[%emt 0:00:04][%mdl 64] Remove Defender, Deflection} 70. Nxd6 Kxe7 {[%emt 0:00:03] Blacks defense is rewarded with a draw.   Weighted Error Value: White=0.26 (precise) /Black=0.24 (precise)} 1/2-1/2